 Dungeon Crawl Stone Soup version 0.25-a0-937-gcfae464cf3 (webtiles) character file.

Game seed: 9731753465558344356, levelgen mode: deterministic

121103 Esekla the Fencer (level 16, -12/82 HPs)
             Began as a Vine Stalker Abyssal Knight on May 4, 2020.
             Was a High Priest of Lugonu.
             Mangled by an ettin
             ... wielding a +0 dire flail
              (19 damage)
             ... on level 1 of the Depths on May 5, 2020.
             The game lasted 05:44:28 (30719 turns).

Esekla the Fencer (Vine Stalker Abyssal Knight)    Turns: 30719, Time: 05:44:29

Health: -12/82     AC: 19    Str: 16    XL:     16   Next: 84%
Magic:  0/31       EV: 17    Int: 18    God:    Lugonu [*****.]
Gold:   2488       SH: 10    Dex: 24    Spells: 10/35 levels left

rFire    + . .     SeeInvis .   G - +3 double sword (vamp)
rCold    . . .     Gourm    .   b - +3 warlock's mirror {reflect}
rNeg     . . .     Faith    .   O - +4 troll leather armour
rPois    .         Spirit   +   d - +2 helmet
rElec    .         Reflect  +   B - +2 cloak
rCorr    .         Harm     .   L - +1 pair of gloves "Coetsu" {Int+5}
MR       ++...                  K - +0 pair of boots
Stlth    +++.......             P - amulet of magic regeneration
HPRegen  1.43/turn              t - ring of the Many Moons {rF+ Slay+3 Stlth-}
MPRegen  0.47/turn              M - ring of Qoech {+Blink AC+2 Dex+5}

@: no status effects
A: fangs 3, regeneration 2, magic shield, antimagic bite, no potion heal 3, rot
immunity
a: Depart the Abyss, Bend Space, Banish, Corrupt, Enter the Abyss, Renounce
Religion, Evoke Blink


You were on level 1 of the Depths.
You worshipped Lugonu.
Lugonu was extremely pleased with you.
You were not hungry.

You visited 7 branches of the dungeon, and saw 29 of its levels.
You visited the Abyss 2 times.
You also visited: Sewer and Bailey.

You collected 3033 gold pieces.
You spent 545 gold pieces at shops.

Inventory:

Hand Weapons
 f - a +4 scimitar of flaming
 h - a +2 long sword of holy wrath
 n - a +2 vampiric trident
 v - a +2 dagger of venom
 z - a +4 long sword of freezing
 E - a +8 long sword of distortion
 G - a +3 vampiric double sword (weapon)
 Z - the +8 glaive of the Guard {elec, +Rage AC+5 SInv}
   (You found it on level 14 of the Dungeon)

   Occasionally, upon striking a foe, it will discharge some electrical energy
   and cause terrible harm.
   It affects your AC (+5).
   It lets you see invisible.
   It lets you go berserk.
Missiles
 a - 6 javelins
 w - 60 poisoned darts (quivered)
 N - 64 boomerangs
 R - 5 silver boomerangs
Armour
 b - the +3 warlock's mirror (worn) {reflect}
   (You acquired it on level 6 of the Lair of Beasts)
 d - a +2 helmet (worn)
 B - a +2 cloak (worn)
 K - a +0 pair of boots (worn)
 L - the +1 pair of gloves "Coetsu" (worn) {Int+5}
   (You found it on level 2 of the Abyss)

   It affects your intelligence (+5).
 O - a +4 troll leather armour (worn)
Jewellery
 t - the ring of the Many Moons (left hand) {rF+ Slay+3 Stlth-}
   (You bought it in a shop on level 2 of the Orcish Mines)

   [ring of attention]

   It affects your accuracy and damage with ranged weapons and melee attacks
   (+3).
   It protects you from fire.
   It makes you less stealthy.
 M - the ring of Qoech (right hand) {+Blink AC+2 Dex+5}
   (You acquired it on level 11 of the Dungeon)

   [ring of protection]

   It affects your AC (+2).
   It affects your dexterity (+5).
   It lets you blink.
 P - an amulet of magic regeneration (around neck)
 S - an uncursed ring of fire
Wands
 p - a wand of digging (7)
 s - a wand of flame (39)
 H - a wand of paralysis (7)
 T - a wand of polymorph (8)
 V - a wand of scattershot (5)
 W - a wand of acid (8)
 Y - a wand of iceblast (7)
Scrolls
 e - 12 scrolls of teleportation
 g - 7 scrolls of amnesia
 i - 7 scrolls of remove curse
 j - a scroll of fog
 o - 4 scrolls of enchant armour
 q - 2 scrolls of fear
 u - 2 scrolls of blinking
 x - 2 scrolls of vulnerability
 D - 3 scrolls of magic mapping
 F - 5 scrolls of identify
 J - 2 scrolls of silence
 U - a scroll of holy word
Potions
 k - 13 potions of curing
 l - 6 potions of brilliance
 m - 6 potions of haste
 r - 4 potions of might
 y - 3 potions of cancellation
 A - a potion of magic
 C - 3 potions of berserk rage
 I - 3 potions of flight
 Q - a potion of lignification
Miscellaneous
 X - a tin of tremorstones
Comestibles
 c - 50 rations


   Skills:
 + Level 8.6 Fighting
 + Level 3.2(10.7) Short Blades
 * Level 15.1(15.2) Long Blades
 * Level 1.6 Polearms
 - Level 3.0 Throwing
 - Level 1.5 Armour
 + Level 6.3 Dodging
 + Level 5.9 Stealth
 + Level 6.7 Shields
 * Level 10.4 Spellcasting
 * Level 8.4 Conjurations
 * Level 4.8 Transmutations
 + Level 7.8 Fire Magic
 * Level 6.1 Earth Magic
 + Level 8.5 Invocations
 * Level 4.0 Evocations


You had 10 spell levels left.
You knew the following spells:

 Your Spells              Type           Power        Failure   Level  Hunger
a - Magic Dart            Conj           ####         1%          1    None
d - Lee's Rapid Deconstr  Erth           ####......   22%         5    #####..
f - Conjure Flame         Conj/Fire      #####...     1%          3    None
m - Bolt of Magma         Conj/Fire/Erth #####.....   12%         5    #####..
p - Passwall              Tmut/Erth      ####....     1%          2    None
r - Irradiate             Conj/Tmut      ####......   17%         5    #####..
y - Sticky Flame          Conj/Fire      #####...     3%          4    ###....

Your spell library contained the following spells:

 Spells                   Type           Power        Failure   Level  Hunger
 Foxfire                  Conj/Fire      ####         1%          1    None
 Sandblast                Erth           ####..       1%          1    None
 Stone Arrow              Conj/Erth      #####.       1%          3    None
 Pain                     Necr           #...         10%         1    None
 Petrify                  Tmut/Erth      ####....     10%         4    ###....
 Sublimation of Blood     Necr           #.........   14%         2    None
 Leda's Liquefaction      Hex/Erth       ###.......   26%         4    ###....
 Starburst                Conj/Fire      #####.....   45%         6    ######.
 Iron Shot                Conj/Erth      #####.....   58%         6    ######.
 Statue Form              Tmut/Erth      ####.....    83%         6    ######.
 Spellforged Servitor     Conj/Summ      ###.......   100%        7    #######
 Shatter                  Erth           ####......   100%        9    #######


Dungeon Overview and Level Annotations

Branches:
Dungeon (15/15)            Temple (1/1) D:4            Lair (6/6) D:11
 Shoals (2/4) Lair:2       Spider (1/4) Lair:4        Slime (0/5) Lair:6
    Orc (2/2) D:10            Elf (0/3) Orc:2        Vaults (0/5) D:14
 Depths (2/5) D:15          Sewer (visited)          Bailey (visited)

Altars:
Ashenzari
Gozag
Hepliaklqana
Kikubaaqudgha
Nemelex Xobeh
Okawaru
Qazlal
Ru
Sif Muna
Trog
Uskayaw
Wu Jian
Zin

Shops:
D:12 (   Orc:1 *   Orc:2 *=%?

Annotations:
D:8 Grum
D:13 Agnes
Lair:4 exclusion: 2 oklob plants
Lair:5 exclusion: oklob plant
Shoals:2 Donald; Ilsuiw


Innate Abilities, Weirdness & Mutations

You have razor-sharp teeth.
You heal very quickly.
When hurt, damage is shared between your health and your magic reserves.
Your bite disrupts and absorbs the magic of your enemies.
Potions cannot restore your health.
You are immune to rotting.


Message History

Press: ? - help, Shift-Dir - straight line, f - black draconian monk
Aim: a black draconian monk, wearing a +0 cloak The sticky flame hits the black draconian monk.
The black draconian monk is lightly wounded.
The black draconian monk is covered in liquid flames!
You are starving!
The black draconian monk burns!
The black draconian monk hits you! The black draconian monk kicks you!
The black draconian monk tail-slaps you but does no damage.
You eat one of the 51 rations.
That ration really hit the spot!
The black draconian monk burns!
The black draconian monk breathes lightning at you.
The bolt of lightning hits you!!
* * * LOW HITPOINT WARNING * * *
You pass through the gate.
Welcome back to the Depths!
The ettin hits you with a +0 dire flail!
* * * LOW HITPOINT WARNING * * *
The ettin hits you with a +0 dire flail!!
You die...

#......##....$.............#.
###.#. .....................
#.#. L..........[......... #
.. .[...............!...
....(...............
..................#
.................#
................##
.......@C........##
.........##.......###
.(..................#
......##............## ...#.#
#.............# .. ##
##........#.#.# #
###...##.._..# #....>#..#.###
###........#


You could see a lich and an ettin.

Vanquished Creatures
  A tentacled starspawn (Abyss:1)
  Gastronok (Orc:1)
  A shadow dragon (D:14)
  A stone giant (Orc:1)
  Azrael (Orc:2)
  A merfolk impaler (Shoals:1)
  2 fire dragons
  An ettin (D:14)
  Josephine (D:13)
  A deep elf high priest (D:14)
  4 vault guards (D:14)
  2 hydras
  An ice dragon (D:15)
  3 centaur warriors
  3 catoblepae (Lair:6)
  2 alligator snapping turtles (Shoals:1)
  An ogre mage (D:14)
  A death knight (D:10)
  2 merfolk aquamancers
  A merfolk avatar (Shoals:2)
  2 two-headed ogres
  20 death yaks
  A deep troll earth mage (D:14)
  Urug (D:10)
  Sonja (D:12)
  Nergalle (D:12)
  6 skeletal warriors
  3 unseen horrors
  The ghost of sixsigma the Thaumaturge, a novice GnWz of Ashenzari (D:7)
  2 glowing orange brains
  5 sea snakes
  A wizard (D:14)
  5 harpies (Shoals:2)
  A phantasmal warrior (D:10)
  A wolf spider (D:14)
  3 ugly things
  6 deep elf magi
  7 manticores
  3 orc knights
  2 fauns
  9 merfolk sirens
  12 elephants
  2 cyclopes
  3 black mambas
  2 water nymphs
  A torpor snail (Lair:5)
  A gargoyle (D:14)
  12 spiny frogs
  A komodo dragon (shapeshifter) (D:15)
  2 kobold demonologists
  A rime drake (Lair:1)
  4 komodo dragons
  A freezing wraith (D:15)
  3 efreet
  A tengu conjurer (D:14)
  6 trolls
  9 merfolk
  2 hornets
  Grinder (D:3)
  12 hippogriffs
  9 blink frogs
  9 slime creatures
  3 wind drakes (Shoals:1)
  3 snapping turtles
  A centaur simulacrum (D:14)
  A shadow (D:13)
  2 vampires
  10 wraiths
  4 water elementals (Shoals:2)
  4 basilisks
  55 yaks
  3 wyverns
  Menkaure (D:7)
  A chaos spawn (Abyss:1)
  A steam dragon (Shoals:2)
  7 vampire mosquitoes
  3 hungry ghosts
  2 acid dragons
  4 wargs (Orc:2)
  7 water moccasins
  A two-headed ogre zombie (D:10)
  3 soldier ants
  The ghost of Thantalas the Digger, an amateur GrEE (D:3)
  A large abomination (Abyss:1)
  3 porcupines
  4 hell hounds (Orc:2)
  3 sky beasts
  38 orc warriors
  3 ice beasts
  4 black bears
  2 phantoms
  A hornet zombie (D:14)
  3 boggarts (D:15)
  10 ogres
  15 wolves
  21 centaurs
  12 crocodiles
  2 big kobolds
  13 bullfrogs
  A gnoll sergeant (D:7)
  A wyvern skeleton (D:11)
  3 troll zombies (D:10)
  4 scorpions
  A water moccasin skeleton (D:12)
  18 killer bees
  9 wights
  2 howler monkeys (D:12)
  An electric eel (Lair:4)
  6 centaur zombies
  7 crimson imps
  12 hounds
  A small abomination (Abyss:1)
  6 jellies
  18 orc priests
  17 orc wizards
  3 bullfrog skeletons
  5 centaur skeletons
  Natasha (thrice) (D:2)
  6 iguanas
  7 hell rats (Lair:4)
  14 worker ants
  4 ogre zombies (D:10)
  A hound skeleton (D:8)
  Robin (D:2)
  A worker ant zombie (D:5)
  15 adders
  6 gnolls
  6 shadow imps
  3 oozes
  An adder zombie (D:7)
  An adder skeleton (D:7)
  4 worms
  A dart slug (D:1)
  13 leopard geckos
  89 orcs
  9 ball pythons
  5 giant cockroaches
  14 goblins
  17 hobgoblins
  12 jackals
  34 kobolds
  8 quokkas
  10 bats
  12 frilled lizards
  4 goblin zombies (D:10)
  A hobgoblin skeleton (D:10)
  A hobgoblin zombie (D:10)
  A leopard gecko skeleton (D:6)
  7 orc skeletons (D:10)
  12 orc zombies (D:10)
  10 rats
  2 plants (Shoals:2)
908 creatures vanquished.

Vanquished Creatures (others)
  A death yak (Lair:2)
  A centaur skeleton (D:15)
  An orc warrior (Orc:2)
  An ogre (D:6)
  A centaur (Orc:2)
  An orc wizard (D:14)
  7 orcs
  A bush (Lair:5)
  13 fungi
  14 plants
  2 starspawn tentacles (Abyss:1)
  4 tentacles (Shoals:1)
47 creatures vanquished.

Grand Total: 955 creatures vanquished

Notes
Turn   | Place    | Note
-------+----------+-------------------------------------------
     0 | Abyss:1  | Esekla the Vine Stalker Abyssal Knight began the quest for
                  | the Orb.
     0 | Abyss:1  | Reached XP level 1. HP: 11/11 MP: 3/3
    23 | Abyss:2  | Got a pair of ancient gloves
    28 | Abyss:2  | Noticed a fire giant skeleton
    29 | Abyss:2  | Identified the +1 pair of gloves "Coetsu" {Int+5} (You
                  | found it on level 2 of the Abyss)
    41 | D:1      | Escaped the Abyss
   159 | D:1      | Reached XP level 2. HP: 12/16 MP: 4/4
   301 | D:1      | Reached * piety under Lugonu
   409 | D:1      | Reached skill level 1 in Spellcasting
   473 | D:1      | Reached skill level 2 in Long Blades
   490 | D:1      | Reached XP level 3. HP: 18/20 MP: 3/6
   705 | D:2      | Noticed Robin
   856 | D:2      | Killed Robin
   886 | D:2      | Gained mutation: Your natural rate of healing is unusually
                  | fast. [Vine Stalker growth]
   886 | D:2      | Reached XP level 4. HP: 21/24 MP: 7/7
   889 | D:2      | Reached ** piety under Lugonu
   974 | D:2      | Noticed Natasha
   985 | D:2      | Killed Natasha
   985 | D:2      | Reached skill level 3 in Long Blades
   985 | D:2      | Reached skill level 1 in Dodging
  1029 | D:2      | Found a bloodstained altar of Trog.
  1078 | D:2      | Noticed Natasha
  1087 | D:2      | Killed Natasha
  1087 | D:2      | Reached XP level 5. HP: 25/28 MP: 6/9
  1179 | D:2      | Found a faded altar of an unknown god.
  1718 | D:2      | Noticed Natasha
  1732 | D:2      | Killed Natasha
  1936 | D:3      | Found a glowing drain.
  1940 | Sewer    | Entered a sewer
  2005 | Sewer    | Reached skill level 4 in Long Blades
  2075 | Sewer    | Reached *** piety under Lugonu
  2112 | Sewer    | Reached XP level 6. HP: 28/32 MP: 8/10
  2385 | D:3      | Found an iron altar of Okawaru.
  2387 | D:3      | Noticed Grinder
  2583 | D:3      | You fall into a shaft and drop 1 floor!
  2597 | D:4      | Found a staircase to the Ecumenical Temple.
  2728 | D:4      | Found a hazy altar of Hepliaklqana.
  3387 | D:3      | Found a runed translucent door.
  3389 | D:3      | Noticed Thantalas's ghost (amateur GrEE)
  3582 | D:4      | Found an ancient bone altar of Kikubaaqudgha.
  3583 | D:4      | Found a sacrificial altar of Ru.
  3755 | Temple   | Entered the Ecumenical Temple
  3844 | D:4      | Reached skill level 5 in Long Blades
  3903 | D:4      | Found a sparkling altar of Nemelex Xobeh.
  4065 | D:3      | Paralysed by Grinder for 4 turns
  4374 | D:5      | Entered Level 5 of the Dungeon
  4386 | D:4      | Reached XP level 7. HP: 36/36 MP: 12/12
  4463 | D:5      | Reached skill level 1 in Stealth
  4524 | D:5      | Noticed a hippogriff
  4526 | D:5      | Noticed a hippogriff
  4628 | D:5      | Killed a hippogriff
  4751 | D:5      | Killed a hippogriff
  4751 | D:5      | Reached skill level 6 in Long Blades
  4751 | D:5      | Gained mutation: You have razor-sharp teeth. [Vine Stalker
                  | growth]
  4751 | D:5      | Reached XP level 8. HP: 7/42 MP: 2/14
  4873 | D:3      | Killed Grinder
  4873 | D:3      | Reached skill level 1 in Throwing
  5252 | D:5      | Reached **** piety under Lugonu
  5285 | D:5      | Reached skill level 7 in Long Blades
  5652 | D:5      | Reached XP level 9. HP: 34/45 MP: 16/16
  6257 | D:6      | Reached skill level 1 in Short Blades
  6436 | D:7      | Reached skill level 8 in Long Blades
  6891 | D:6      | Reached ***** piety under Lugonu
  6891 | D:6      | Reached skill level 5 in Spellcasting
  7139 | D:8      | Found a flagged portal.
  7173 | D:8      | Reached skill level 1 in Shields
  7223 | Bailey   | Entered a bailey
  7358 | Bailey   | Noticed an orc knight
  7415 | Bailey   | Killed an orc knight
  7415 | Bailey   | Reached XP level 10. HP: 48/51 MP: 19/19
  7651 | Bailey   | Identified Nuliocri's Disquisition on Sinister Battle Magic
  7657 | Bailey   | Learned a level 3 spell: Conjure Flame
  7788 | D:8      | Noticed Grum
  7806 | D:7      | Reached skill level 1 in Fire Magic
  7866 | D:7      | Found a runed translucent gate.
  7866 | D:7      | Found a runed translucent gate.
  7866 | D:7      | Found a runed translucent gate.
  7871 | D:7      | Noticed sixsigma's ghost (novice GnWz)
  8184 | D:7      | Noticed Menkaure
  8894 | D:7      | Killed Menkaure
  9490 | D:9      | Found a hide-covered altar of Uskayaw.
  9664 | D:9      | Reached skill level 1 in Conjurations
  9926 | D:9      | Reached skill level 9 in Long Blades
 10410 | D:10     | Entered Level 10 of the Dungeon
 10453 | D:9      | Reached ****** piety under Lugonu
 10487 | D:10     | Reached XP level 11. HP: 45/54 MP: 19/21
 10501 | D:10     | Found a staircase to the Orcish Mines.
 10744 | D:10     | Reached skill level 5 in Fighting
 10958 | D:10     | Identified a +7 long sword of distortion (a +5 long sword
                  | corrupted by Lugonu)
 10958 | D:10     | Received a gift from Lugonu
 11148 | D:11     | Noticed a two-headed ogre
 11246 | D:11     | Killed a two-headed ogre
 11415 | D:11     | Noticed Urug
 11415 | D:11     | Noticed a red ugly thing
 11441 | D:11     | Killed a red ugly thing
 11809 | D:10     | Reached skill level 5 in Invocations
 11863 | D:10     | Learned a level 4 spell: Sticky Flame
 12200 | D:10     | Noticed a death knight
 12202 | D:10     | Noticed a phantasmal warrior
 12220 | D:10     | Noticed a skeletal warrior
 12270 | D:10     | Killed a death knight
 12427 | D:10     | Reached skill level 10 in Long Blades
 12641 | D:10     | Killed a phantasmal warrior
 12661 | D:10     | Noticed a skeletal warrior
 12688 | D:10     | Killed a skeletal warrior
 12955 | D:10     | Killed a skeletal warrior
 13099 | D:10     | Killed Urug
 13099 | D:10     | Gained mutation: You heal very quickly. [Vine Stalker
                  | growth]
 13099 | D:10     | Reached XP level 12. HP: 48/60 MP: 18/23
 13457 | D:11     | Found a staircase to the Lair.
 14191 | D:12     | Noticed Sonja
 14191 | D:12     | Noticed Nergalle
 14251 | Lair:1   | Entered Level 1 of the Lair of Beasts
 14421 | Lair:1   | Reached skill level 11 in Long Blades
 14693 | Lair:1   | Reached skill level 5 in Fire Magic
 15072 | Lair:1   | Reached skill level 5 in Stealth
 15076 | Lair:1   | Got a pair of steaming boots
 15087 | Lair:1   | Identified the -4 pair of boots of Dawn {MP+9 Dex+3} (You
                  | found it on level 1 of the Lair of Beasts)
 15385 | Lair:2   | Noticed a death yak
 15615 | Lair:2   | Found a staircase to the Shoals.
 15937 | Lair:2   | Noticed a death yak
 15956 | Lair:2   | Reached skill level 5 in Conjurations
 15956 | Lair:2   | Reached XP level 13. HP: 65/65 MP: 26/26
 16153 | Lair:2   | Reached skill level 12 in Long Blades
 16373 | Lair:2   | Reached skill level 5 in Dodging
 17696 | Lair:4   | Found a hole to the Spider Nest.
 17728 | Lair:4   | Learned a level 2 spell: Passwall
 18113 | Lair:4   | Reached skill level 1 in Transmutations
 18353 | Lair:4   | Reached skill level 1 in Earth Magic
 19598 | Lair:5   | Reached XP level 14. HP: 66/72 MP: 25/27
 19764 | Lair:6   | Entered Level 6 of the Lair of Beasts
 20352 | Lair:6   | Found the +6 arbalest "Damnation" {damnation}
 20432 | Lair:6   | Identified 3 scrolls of acquirement
 20433 | Lair:6   | Found the +3 warlock's mirror {reflect}
 20647 | Lair:6   | Found a staircase to the Slime Pits.
 20675 | Lair:6   | Reached skill level 13 in Long Blades
 20850 | Lair:6   | Learned a level 5 spell: Bolt of Magma
 21630 | Orc:1    | Entered Level 1 of the Orcish Mines
 21826 | Orc:1    | Found Wluis's Whimsical Warehouse.
 21884 | Orc:1    | Noticed Gastronok
 21940 | Orc:1    | Noticed a stone giant
 22012 | Orc:1    | Killed a stone giant
 22254 | Orc:1    | Killed Gastronok
 22320 | Orc:2    | Entered Level 2 of the Orcish Mines
 22624 | Orc:2    | Found a staircase to the Elven Halls.
 22635 | Orc:2    | Reached XP level 15. HP: 77/77 MP: 29/29
 22783 | Orc:2    | Noticed Azrael
 22795 | Orc:2    | Reached skill level 5 in Shields
 22815 | Orc:2    | Killed Azrael
 23161 | Orc:2    | Found Keujudekh's Jewellery Shoppe.
 23161 | Orc:2    | Found Wuenilo's Food Boutique.
 23163 | Orc:2    | Found Qemirro's Magic Scroll Shop.
 23165 | Orc:2    | Found Jaizea's General Store.
 23322 | Orc:2    | Bought the ring of the Many Moons {rF+ Slay+3 Stlth-} for
                  | 545 gold pieces
 23569 | D:11     | Identified the ring of Qoech {+Blink AC+2 Dex+5} (You
                  | acquired it on level 11 of the Dungeon)
 23578 | D:11     | Learned a level 5 spell: Lee's Rapid Deconstruction
 23662 | D:12     | Killed Nergalle
 23701 | D:12     | Killed Sonja
 23701 | D:12     | Reached skill level 14 in Long Blades
 24196 | D:12     | Found Begarch's Antique Weapon Shop.
 24789 | D:13     | Noticed Josephine
 24805 | D:13     | Killed Josephine
 24920 | D:13     | Reached skill level 1 in Evocations
 25412 | D:14     | Noticed Agnes
 25452 | D:14     | HP: 2/77 [Agnes/+7 antimagic lajatang (19)]
 25680 | Spider:1 | Entered Level 1 of the Spider Nest
 25792 | Shoals:1 | Entered Level 1 of the Shoals
 26093 | Shoals:1 | Noticed a kraken
 26093 | Shoals:1 | Noticed a kraken
 26252 | Shoals:1 | Found a hazy altar of Hepliaklqana.
 26259 | Shoals:1 | Noticed a kraken
 26602 | Shoals:2 | Reached skill level 5 in Earth Magic
 27036 | Shoals:2 | Identified Fusyuf's Almanac of the Arsonist and Arcane
                  | Weapons
 27040 | Shoals:2 | Learned a level 1 spell: Magic Dart
 27046 | Shoals:2 | Learned a level 5 spell: Irradiate
 27191 | Shoals:2 | Reached XP level 16. HP: 80/82 MP: 23/30
 27314 | Shoals:2 | Noticed Donald
 27326 | Shoals:2 | Noticed Ilsuiw
 27721 | D:7      | Killed sixsigma's ghost
 28044 | D:3      | Killed Thantalas's ghost
 28480 | D:14     | Reached skill level 10 in Spellcasting
 28811 | D:14     | Found a gate to the Vaults.
 29432 | D:14     | Found the +8 glaive of the Guard {elec, +Rage AC+5 SInv}
 29433 | D:14     | Noticed a shadow dragon
 29554 | D:14     | Killed a shadow dragon
 29697 | D:15     | Entered Level 15 of the Dungeon
 29702 | D:15     | Reached skill level 15 in Long Blades
 29945 | D:15     | Reached skill level 1 in Polearms
 30062 | D:15     | Found a staircase to the Depths.
 30534 | Depths:1 | Entered Level 1 of the Depths
 30537 | Depths:1 | You fall into a shaft and drop 1 floor!
 30549 | Depths:2 | Noticed a tentacled monstrosity
 30554 | Depths:1 | Found a shattered altar of Ashenzari.
 30589 | Depths:1 | Noticed a lich
 30692 | Abyss:1  | Noticed a tentacled starspawn
 30702 | Abyss:1  | Killed a tentacled starspawn
 30705 | Abyss:1  | Noticed a black draconian monk
 30719 | Depths:1 | Escaped the Abyss
 30719 | Depths:1 | Mangled by an ettin

Levels and vault maps discovered:
D:1:      minmay_arrival_shattered_statue, layout_loops_ring
D:2:      layout_basic, lightli_temple_of_fire,
          chequers_ecumenical_altar_simple, uniq_robin, uniq_natasha
D:3:      wander_river, layout_loops_corners, gup_sewer_entry_bowl,
          ebering_ghost_sewer_d, okawaru_metal_pillars_1_2, uniq_grinder
D:4:      layout_basic, kennysheep_little_box, nicolae_overflow_hidden_temple,
          minmay_temple_entry_waves, hangedman_decor_diamond_cutter,
          nemelex_diamond_rough_becter
D:5:      layout_basic, first_ration, st_stairs_3, serial_bayou_pond_a
D:6:      layout_rooms, lemuel_flamethrower_1
D:7:      layout_loops_ring, gammafunk_ghost_split, minmay_misc_feat_cross,
          uniq_menkaure
D:8:      layout_loops_ring, enter_bailey_6, uniq_grum
D:9:      lemuel_ice_spiral_2, layout_basic, basic_altar
D:10:     layout_irregular_city, zombieorc2_lemuel, hangedman_pestilent_swarm,
          wad_floor_pattern_untrapped
D:11:     layout_roguey, lair_entry_dummy, uniq_urug
D:12:     layout_big_octagon, serial_shops, nicolae_shop_window_shopping,
          uniq_sonja, uniq_nergalle
D:13:     layout_gridville, uniq_josephine
D:14:     minmay_guarded_unrand_guard, layout_loops_ring,
          lightli_vaults_fourway_checkpoint, uniq_agnes
D:15:     grunt_enter_depths_hoard, layout_basic, minmay_misc_feat_enclosed,
          grunt_ministairs_14
Temple:   regret_index_temple_mists
Lair:1:   layout_chaotic_city
Lair:2:   layout_cellular_growth, elwin_shoals_entry_stream,
          minmay_stone_trees_medium
Lair:3:   layout_concentric_octagons, chequers_serial_rivers_small_3
Lair:4:   layout_roguey, spider_nest_entry_webs, minmay_lair_oklob_chamber,
          serial_bayou_shore_b, serial_bayou_shore_a
Lair:5:   layout_small_grid, chequers_serial_rivers_large_a,
          chequers_serial_rivers_room_a
Lair:6:   evilmike_catoblepas_cave, layout_regular_city,
          nicolae_slime_entry_slimehenge
Shoals:1: layout_shoals, wheals_shoals_ruined_temple
Shoals:2: layout_shoals, nicolae_shoals_siren_and_animal_friends, uniq_ilsuiw,
          uniq_donald
Spider:1: layout_spider_delve, special_room [special_room_bee], drop_trap
Orc:1:    layout_caves, nicolae_alphabet_shops, uniq_gastronok
Orc:2:    st_orc_rangers, layout_diamond_mine, uniq_azrael
Depths:1: layout_cave_pools, abyss_entry_crystal, ashenzari_altar_1,
          hellmouth_1, lemuel_flamethrower_3
Depths:2: minmay_the_grid_square_5x5_4x4 [minmay_the_grid_square_5x5_moneybag,
          minmay_the_grid_square_5x5_checkered_statues,
          minmay_the_grid_square_5x5_plus, minmay_the_grid_square_5x5_checkered,
          minmay_the_grid_square_5x5_minimal,
          minmay_the_grid_square_5x5_prize_junk,
          minmay_the_grid_square_5x5_prize_open,
          minmay_the_grid_square_5x5_half_checkered,
          minmay_the_grid_square_5x5_percent,
          minmay_the_grid_square_5x5_prize_snowflake,
          minmay_the_grid_square_5x5_prize_pseudospiral,
          minmay_the_grid_square_5x5_seven,
          minmay_the_grid_square_5x5_checkered_sparse,
          minmay_the_grid_square_5x5_longway, minmay_the_grid_square_5x5_meh,
          minmay_the_grid_square_5x5_pentomino_r], layout_cave_shapes,
          marbit_kobold_abyss_entry, serial_bayou_shore_b, hell_entry,
          nrook_campfire, lemuel_flamethrower_3, infiniplex_staircase_pool_2,
          serial_bayou_shore_b

Skill      XL: |  1  2  3  4  5  6  7  8  9 10 11 12 13 14 15 16 |
---------------+-------------------------------------------------+-----
Invocations    | 2 3 4 5 7 8 |  8.5
Fighting       | 3 4 5 6 7 8 |  8.6
Spellcasting   | 1 2 3 4 5 6 7 8 9 10 | 10.4
Long Blades    | 2 3 4 5 6 7 8 9 10 11 12 13 14 15 | 15.1
Dodging        | 1 2 3 4 5 6 |  6.3
Stealth        | 1 2 4 5 |  5.9
Throwing       | 2 3 |  3.0
Short Blades   | 2 3 |  3.2
Shields        | 2 3 4 6 |  6.7
Fire Magic     | 2 4 5 6 7 |  7.8
Conjurations   | 1 4 5 6 7 8 |  8.4
Transmutations | 1 3 4 |  4.8
Earth Magic    | 1 3 5 6 |  6.1
Evocations     | 2 4 |  4.0
Polearms       | 1 |  1.6
Armour         | |  1.5

Action                   |  1- 3 |  4- 6 |  7- 9 | 10-12 | 13-15 | 16-18 || total
-------------------------+-------+-------+-------+-------+-------+-------++-------
Melee: Falchion          |    74 |   254 |   186 |   249 |       |       ||   763
       Bite              |    17 |    77 |   152 |   329 |   583 |   163 ||  1321
       Dagger            |       |       |   217 |   214 |     7 |       ||   438
       Long sword        |       |       |       |   351 |   474 |       ||   825
       Trident           |       |       |       |     9 |       |     7 ||    16
       Rapier            |       |       |       |       |     8 |       ||     8
       Double sword      |       |       |       |       |   703 |   331 ||  1034
Throw: Dart              |       |     6 |    54 |    90 |    47 |    22 ||   219
       Boomerang         |       |       |    22 |   149 |    37 |     7 ||   215
 Cast: Conjure Flame     |       |       |       |    10 |     3 |       ||    13
       Sticky Flame      |       |       |       |       |   116 |    54 ||   170
       Bolt of Magma     |       |       |       |       |    12 |     2 ||    14
Invok: Depart the Abyss  |     1 |       |       |       |       |     1 ||     2
       Bend Space        |       |     2 |    10 |    22 |     5 |     3 ||    42
       Brand Weapon With |       |       |       |     1 |       |       ||     1
       Enter the Abyss   |       |       |       |       |       |     1 ||     1
Evoke: Wand              |       |       |       |       |     2 |       ||     2
  Use: Scroll            |       |     7 |     3 |    24 |    20 |     4 ||    58
       Potion            |       |       |       |     3 |     2 |     2 ||     7
 Stab: Sleeping          |       |     2 |     6 |     9 |    10 |     2 ||    29
       Distracted        |       |     1 |       |     2 |     2 |       ||     5
  Eat: Chunk             |       |    10 |    12 |    25 |    46 |    12 ||   105
       Ration            |       |       |       |     2 |     2 |     2 ||     6
Armor: Leather armour    |    38 |   111 |   158 |    63 |       |       ||   370
       Troll leather arm |       |       |       |   254 |   320 |    77 ||   651
       Skin              |       |       |       |       |       |     6 ||     6
Dodge: Dodged            |    49 |   143 |   234 |   499 |   630 |   175 ||  1730
Block: Kite shield       |       |       |    94 |     6 |       |       ||   100
       Buckler           |       |       |       |       |   547 |   175 ||   722
       Reflection        |       |       |       |       |    65 |    30 ||    95
       Rpst.: Falchion   |    18 |    52 |    27 |    57 |       |       ||   154
       Long sword        |       |       |       |    59 |    61 |       ||   120
       Double sword      |       |       |       |       |    95 |    45 ||   140

Table legend:
 A = Non-vault XP
 B = Vault XP
 C = Vault XP percentage of total XP
 D = Non-vault monster count
 E = Vault monster count
 F = Vault count percentage of total count
                 A         B        C        D         E       F
            +---------+---------+-------+---------+---------+-------
      Total |  113439 |   59566 |  34.4 |     670 |     242 |  26.5
            +---------+---------+-------+---------+---------+-------
        D:1 |      46 |       4 |   8.0 |      22 |       2 |   8.3
        D:2 |     130 |      69 |  34.7 |      24 |      11 |  31.4
        D:3 |      60 |     462 |  88.5 |      26 |       7 |  21.2
        D:4 |     160 |       0 |   0.0 |      18 |       0 |   0.0
        D:5 |    1539 |       0 |   0.0 |      42 |       0 |   0.0
        D:6 |     581 |       0 |   0.0 |      24 |       0 |   0.0
        D:7 |     867 |    1271 |  59.4 |      27 |       5 |  15.6
        D:8 |    1072 |     226 |  17.4 |      28 |       2 |   6.7
        D:9 |    2387 |     379 |  13.7 |      38 |       4 |   9.5
       D:10 |    5819 |    1650 |  22.1 |      32 |      37 |  53.6
       D:11 |    5745 |       0 |   0.0 |      28 |       0 |   0.0
       D:12 |    4478 |    1620 |  26.6 |      30 |       2 |   6.2
       D:13 |    6478 |    2135 |  24.8 |      36 |       6 |  14.3
       D:14 |   11527 |   15669 |  57.6 |      48 |      25 |  34.2
       D:15 |    7117 |    2520 |  26.1 |      29 |       4 |  12.1
     Temple |     116 |       0 |   0.0 |       1 |       0 |   0.0
     Lair:1 |    7198 |       0 |   0.0 |      30 |       0 |   0.0
     Lair:2 |    7873 |    1712 |  17.9 |      27 |       4 |  12.9
     Lair:3 |    2561 |       0 |   0.0 |      13 |       0 |   0.0
     Lair:4 |    5763 |     209 |   3.5 |      28 |       1 |   3.4
     Lair:5 |    8154 |       7 |   0.1 |      20 |       1 |   4.8
     Lair:6 |   11563 |   13024 |  53.0 |      26 |      27 |  50.9
   Shoals:1 |    5085 |    6032 |  54.3 |      13 |      10 |  43.5
   Shoals:2 |    9989 |    3860 |  27.9 |      23 |       6 |  20.7
      Orc:1 |    2503 |    2182 |  46.6 |      23 |       1 |   4.2
      Orc:2 |    1229 |    5219 |  80.9 |       9 |      39 |  81.2
   Depths:1 |     752 |       0 |   0.0 |       1 |       0 |   0.0
    Abyss:1 |    2647 |       0 |   0.0 |       4 |       0 |   0.0
      Sewer |       0 |      42 | 100.0 |       0 |      16 | 100.0
     Bailey |       0 |    1274 | 100.0 |       0 |      32 | 100.0
            +---------+---------+-------+---------+---------+-------
